 Dungeon Crawl Stone Soup version 0.18-a0-902-g8738618 (webtiles) character file.

31 Jmtri7 the Charmwright (level 3, -1/28 HPs)
             Began as a Formicid Skald on Dec 24, 2015.
             Slain by a gnoll
             ... wielding a +0 whip
              (3 damage)
             ... on level 1 of the Dungeon.
             The game lasted 00:06:44 (947 turns).

Jmtri7 the Charmwright (Formicid Skald)              Turns: 947, Time: 00:06:44

Health: -1/28      AC:  8    Str: 17    XL:     3   Next: 40%
Magic:  6/7        EV:  7    Int: 11    God:
Gold:   90         SH:  0    Dex: 10    Spells: 1 memorised, 6 levels left

rFire  . . .     SeeInvis +     a - +0 spear
rCold  . . .     Gourm    .     p - +0 chain mail
rNeg   . . .     Faith    .     (no shield)
rPois  .         Spirit   .     (helmet unavailable)
rElec  .         Dismiss  .     (no cloak)
rCorr  .         Reflect  .     (no gloves)
SustAt .         Harm     .     (no boots)
MR     .....                    (no amulet)
Stlth  ..........               (no ring)
                                (no ring)

@: very slightly contaminated, not resistant to hostile enchantments, extremely
unstealthy
A: permanent stasis, dig shafts and tunnels, four strong arms, antennae 3
a: Dig, Shaft Self


You were on level 1 of the Dungeon.
You were hungry.

You visited 1 branch of the dungeon, and saw 2 of its levels.

You collected 90 gold pieces.

Inventory:

Hand Weapons
 a - a +0 spear (weapon)
Missiles
 b - 17 poisoned arrows
 j - 17 poisoned needles
 n - 16 bolts
Armour
 p - a +0 chain mail (worn)
Scrolls
 e - a scroll of remove curse {unknown}
 g - a scroll of magic mapping {unknown}
 k - 2 scrolls of identify {unknown}
 l - a scroll of amnesia {unknown}
Potions
 h - a potion of resistance {unknown}
 i - a potion of ambrosia {unknown}
 m - a potion of heal wounds {unknown}
Books
 c - a book of Battle

   Spells                             Type                      Level
   a - Infusion                       Charms                       1
   b - Shroud of Golubria             Charms/Translocation         2
   c - Song of Sleighing              Charms                       2
   d - Spectral Weapon                Hexes/Charms                 3
   e - Regeneration                   Charms/Necromancy            3
Comestibles
 d - a bread ration
 f - a meat ration


   Skills:
 + Level 2.5 Fighting
 - Level 2.0 Polearms
 + Level 2.1 Armour
 - Level 0.8 Dodging
 + Level 2.9 Spellcasting
 - Level 3.0 Charms


You had 6 spell levels left.
You knew the following spells:

 Your Spells              Type           Power        Failure   Level  Hunger
a - Infusion              Chrm           #.....       96%         1    #......


Dungeon Overview and Level Annotations

Branches:
Dungeon (2/15)

Altars:


Innate Abilities, Weirdness & Mutations

You are under a permanent stasis effect.
You can dig through walls and to a lower floor.
Your four strong arms can wield two-handed weapons with a shield.
You have a pair of large antennae on your head (SInv).


Message History

You don't know that spell.
The gnoll hits you with a whip.
* * * LOW HITPOINT WARNING * * *
The gnoll hits you but does no damage.
You climb upwards.
There is a stone staircase leading down here.
Casting: Infusion
Confirm with . or Enter, or press ? or * to list all spells.
You miscast Infusion.
Multicoloured lights dance before your eyes!
The gnoll hits you but does no damage.
You hit the gnoll.
The gnoll is moderately wounded.
You are feeling hungry.
The gnoll hits you with a whip.
* * * LOW HITPOINT WARNING * * *
You closely miss the gnoll.
The gnoll is moderately wounded.
The gnoll hits you with a whip.
You die...

#.##.#.# #..##.#
#..#.#.# #..##.#
####.#.#.###..##.#
#.............##.#
#.##.#....#...##.#
#.##.............#
#.#.......#...####
#.g...............
#@#.......#..###.#
#.#.......#..##...
#.#..###.##..##...
#.#..###.##..##...
#.......).........
##..####.###.##...
#..# #.# #.##...
#..# ##.###......
####..#
#...........


You could see a gnoll.

Vanquished Creatures
  A gnoll (D:2)
  4 bats (D:1)
  A giant cockroach (D:2)
  A hobgoblin (D:1)
  2 jackals (D:1)
  6 kobolds (D:1)
  A giant newt (D:1)
  6 goblins
  A rat (D:1)
23 creatures vanquished.

Notes
Turn   | Place    | Note
--------------------------------------------------------------
     0 | D:1      | Jmtri7 the Formicid Skald began the quest for the Orb.
     0 | D:1      | Reached XP level 1. HP: 16/16 MP: 3/3
   186 | D:1      | Reached XP level 2. HP: 17/22 MP: 0/5
   687 | D:2      | Reached XP level 3. HP: 26/28 MP: 7/7
   947 | D:1      | Slain by a gnoll

Vault maps used:
D:1:      scummos_arrival_forest
D:2:      nicolae_overflow_hidden_temple, first_bread, serial_bayou_pond_d,
          uniq_terence, uniq_sigmund, uniq_iyjb, uniq_jessica

Action                   || total
-------------------------++-------
Melee: Spear             ||    86
 Cast: Infusion          ||     8
